COLORADO vs DETROIT

Created - May 29, 2021 at 12:24

Goals
1 2 3 T
COLORADO 1 0 2 3
DETROIT 0 0 1 1
Shots
1 2 3 T
COLORADO 4 8 9 21
DETROIT 8 7 9 24

1st period

1. COLORADO , William Karlsson 30 (Artturi Lehkonen 27, John Moore 21) at 2:59

Penalties :
No Penalty

2nd period

No Goal

Penalties :
John Moore (COL) for Holding (Minor) at 13:59

3rd period

2. DETROIT , Zemgus Girgensons 14 (Tyler Myers 19, Aaron Ekblad 35) at 10:30 (PP)
3. COLORADO , Valtteri Filppula 11 (Mikko Koivu 21, Leo Komarov 11) at 11:55
4. COLORADO , David Pastrnak 30 (Brandon Carlo 24, Dylan Larkin 47) at 19:25 (Empty Net)

Penalties :
Brandon Carlo (COL) for Holding Stick (Minor) at 1:45, Taylor Hall (DET) for Roughing (Minor) at 5:58, Artturi Lehkonen (COL) for Holding (Minor) at 10:03

Goalie Stats

Linus Ullmark (COL), 23 saves from 24 shots - (0.958), W, 1-5-0, 60:00 minutes
Thomas Greiss (DET), 18 saves from 20 shots - (0.900), L, 14-7-1, 59:35 minutes

Players Stats for COLORADO

Player Name              G  A  P  +/- PIM S  H  SB GA TA FO     MP     PP MP  PK MP  
------------------------------------------------------------------------------------
Artturi Lehkonen         0  1  1   1  2   1  3  0  0  0  0/2    15:52   0:33   0:00 
Brandon Carlo            0  1  1   1  2   0  1  0  0  0  0/0    21:48   0:50   1:03 
Calvin de Haan           0  0  0   1  0   0  2  1  0  0  0/0    20:48   0:00   2:07 
David Krejci             0  0  0   1  0   3  0  0  0  0  4/11   19:10   0:50   3:00 
David Pastrnak           1  0  1   1  0   2  1  0  0  0  1/1    18:58   1:09   0:00 
Dylan Larkin             0  1  1   1  0   4  3  0  0  0  9/17   20:11   1:09   1:13 
Frederic Allard          0  0  0   0  0   0  0  0  0  0  0/0     1:47   0:00   0:32 
John Moore               0  1  1   2  2   1  1  1  0  0  0/0    15:36   1:09   0:00 
Jonas Brodin             0  0  0   0  0   2  2  1  0  0  0/0    21:48   0:50   1:46 
Kevin Stenlund           0  0  0   0  0   1  0  1  0  0  0/0     7:52   0:17   0:00 
Leo Komarov              0  1  1   1  0   1  2  0  0  0  0/0    12:52   0:00   0:00 
Mattias Janmark          0  0  0   0  0   0  0  0  0  0  0/0     0:00   0:00   0:00 
Mikko Koivu              0  1  1   1  0   0  2  0  0  0  7/13   16:04   0:00   3:12 
Nick Bjugstad            0  0  0   0  0   0  0  0  0  0  4/8     7:35   0:00   0:00 
Pavel Buchnevich         0  0  0   1  0   1  2  0  0  0  0/1    18:58   1:09   0:00 
Ron Hainsey              0  0  0   0  0   1  0  0  0  0  0/0    21:59   0:36   2:11 
Urho Vaakanainen         0  0  0   2  0   1  0  0  0  0  0/0    16:12   0:33   1:11 
Valtteri Filppula        1  0  1   1  0   2  0  0  0  0  0/1    12:52   0:00   0:00 
Warren Foegele           0  0  0   0  0   0  1  0  0  0  0/1     7:35   0:00   0:00 
William Karlsson         1  0  1   1  0   1  1  0  0  0  12/17  17:35   0:50   1:25 

Players Stats for DETROIT

Player Name              G  A  P  +/- PIM S  H  SB GA TA FO     MP     PP MP  PK MP  
------------------------------------------------------------------------------------
Aaron Ekblad             0  1  1  -1  0   3  2  1  0  0  0/0    19:50   2:08   0:35 
Alexander Wennberg       0  0  0  -1  0   3  1  0  0  0  3/10   15:52   0:00   0:00 
Andrej Sekera            0  0  0  -1  0   1  2  0  0  0  0/0    14:07   0:00   0:00 
Brendan Smith            0  0  0   0  0   0  0  0  0  0  0/0     6:53   0:00   0:00 
Calle Jarnkrok           0  0  0  -1  0   2  0  0  0  0  2/2    18:24   1:41   0:35 
Chandler Stephenson      0  0  0   0  0   2  1  0  0  0  4/5     6:08   0:00   1:19 
Christian Dvorak         0  0  0  -1  0   3  1  0  0  0  10/22  19:31   2:44   0:00 
Colton Sceviour          0  0  0   0  0   0  1  0  0  0  0/0     4:49   0:00   0:00 
Ian Cole                 0  0  0  -1  0   0  3  4  0  0  0/0    19:10   2:17   1:24 
Justin Abdelkader        0  0  0  -1  0   0  0  0  0  0  0/1    15:52   0:00   0:00 
Max Domi                 0  0  0  -1  0   1  2  0  0  0  0/0    19:31   2:44   0:00 
Oscar Klefbom            0  0  0  -1  0   1  1  2  0  0  0/0    19:10   2:17   1:24 
Patrik Nemeth            0  0  0  -1  0   0  3  1  0  0  0/0    14:07   0:00   0:00 
Robert Bortuzzo          0  0  0   0  0   1  0  0  0  0  0/0     6:53   0:00   0:00 
Ryan Nugent-Hopkins      0  0  0  -1  0   1  3  1  0  0  14/27  22:00   1:41   0:40 
Taylor Hall              0  0  0  -1  2   1  1  0  0  0  1/2    17:48   1:41   0:00 
Tomas Nosek              0  0  0   0  0   0  0  0  0  0  0/0     2:42   0:00   1:24 
Tyler Myers              0  1  1  -1  0   1  4  0  0  0  0/0    19:50   2:08   0:35 
Valeri Nichushkin        0  0  0  -1  0   0  0  0  0  0  1/1    15:52   0:00   0:00 
Zemgus Girgensons        1  0  1  -1  0   4  1  0  0  0  0/2    19:31   2:44   0:00 

3 Stars

1 - David Pastrnak (COL)
2 - William Karlsson (COL)
3 - Valtteri Filppula (COL)

Power Play

COLORADO - 0 on 1 Attempt(s) - 0.00%
DETROIT - 1 on 3 Attempt(s) - 33.33%

Penalty Kill

COLORADO - 2 on 3 Attempt(s) - 66.67% - Score 0 goal in Penalty Kill
DETROIT - 1 on 1 Attempt(s) - 100.00% - Score 0 goal in Penalty Kill

Team Stat

COLORADO - Hits : 21 - Faceoff Wins : 37 - Blocked Shots : 4 - Penalty Minutes : 6
DETROIT - Hits : 26 - Faceoff Wins : 35 - Blocked Shots : 9 - Penalty Minutes : 2

Official

Referees : Mike Venner and Chris Schlenker
Linesman : Ian Bussieres and Trent Knorr

Game Notes

David Pastrnak has scored in a empty net!

Finance

Level 1 -- Attendance: 4130 (68.83%) -- Ticket Income $454,300
Level 2 -- Attendance: 3788 (75.76%) -- Ticket Income $227,280
Level 3 -- Attendance: 1358 (67.90%) -- Ticket Income $54,320
Level 4 -- Attendance: 2814 (70.35%) -- Ticket Income $70,350
Luxury Box -- Attendance: 979 (97.90%) -- Ticket Income $176,220
Game was played at the Little Caesars Arena.
Total Attendance: 13069 (72.61%)
Total Ticket Income: $982,470
Total Income: $982,470

COLORADO

5 vs 5 Forward 
   Center                   Left Wing                Right Wing               Time % Phy DF OF 
 1 Dylan Larkin             Pavel Buchnevich         David Pastrnak           35     1   2  2  
 2 William Karlsson         David Krejci             Artturi Lehkonen         30     1   2  2  
 3 Mikko Koivu              Leo Komarov              Valtteri Filppula        25     1   2  2  
 4 Nick Bjugstad            Warren Foegele           Kevin Stenlund           10     1   2  2  

5 vs 5 Defense 
   Defense                  Defense                                           Time % Phy DF OF 
 1 Ron Hainsey              Jonas Brodin                                      35     1   2  2  
 2 Brandon Carlo            Calvin de Haan                                    30     1   2  2  
 3 John Moore               Urho Vaakanainen                                  25     1   2  2  
 4 Brandon Carlo            Calvin de Haan                                    10     1   2  2  

PowerPlay Forward 
   Center                   Left Wing                Right Wing               Time % Phy DF OF 
 1 Dylan Larkin             Pavel Buchnevich         David Pastrnak           60     1   2  2  
 2 William Karlsson         David Krejci             Artturi Lehkonen         40     1   2  2  

PowerPlay Defense
   Defense                  Defense                                           Time % Phy DF OF 
 1 Ron Hainsey              John Moore                                        60     1   2  2  
 2 Brandon Carlo            Jonas Brodin                                      40     1   2  2  

Penalty Kill 4 Players Forward 
   Center                   Wing                     Time % Phy DF OF 
 1 David Krejci             Mikko Koivu              60     1   2  2  
 2 Dylan Larkin             William Karlsson         40     1   2  2  

Penalty Kill 4 Players Defense
   Defense                  Defense                  Time % Phy DF OF 
 1 Ron Hainsey              Jonas Brodin             60     1   2  2  
 2 Brandon Carlo            Calvin de Haan           40     1   2  2  

Penalty Kill - 3 Players Forward 
   Forward                                           Time % Phy DF OF 
 1 Dylan Larkin                                      60     1   2  2  
 2 William Karlsson                                  40     1   2  2  

Penalty Kill - 3 Players Defense
   Defense                  Defense                  Time % Phy DF OF 
 1 Ron Hainsey              Jonas Brodin             60     1   2  2  
 2 Brandon Carlo            Calvin de Haan           40     1   2  2  

4 vs 4 Forward 
   Center                   Wing                     Time % Phy DF OF 
 1 Dylan Larkin             David Pastrnak           60     1   2  2  
 2 William Karlsson         David Krejci             40     1   2  2  

4 vs 4 Defense
   Defense                  Defense                  Time % Phy DF OF 
 1 Ron Hainsey              Jonas Brodin             60     1   2  2  
 2 Brandon Carlo            Calvin de Haan           40     1   2  2  

Last Minutes Offensive
   Center                   Left Wing                Right Wing               Defense                  Defense                  
   Dylan Larkin             Pavel Buchnevich         David Pastrnak           Ron Hainsey              Jonas Brodin             

Last Minutes Defensive
   Center                   Left Wing                Right Wing               Defense                  Defense                  
   Dylan Larkin             Pavel Buchnevich         David Pastrnak           Ron Hainsey              Jonas Brodin             

Goaltenders
Starting : Linus Ullmark            
Backup : Daniel Vladar            

Extra Forwards
Normal : Dylan Larkin, David Pastrnak, David Krejci - PP : David Pastrnak, Dylan Larkin - PK : William Karlsson
Extra Defensemen
Normal : Brandon Carlo, Jonas Brodin, Ron Hainsey - PP : Brandon Carlo - PK : Brandon Carlo, Calvin de Haan
Penalty Shots
David Pastrnak, Dylan Larkin, William Karlsson, David Krejci, Pavel Buchnevich

Scratches
COL Cap Hit (Suspend), Carey Price (Suspend)

DETROIT

5 vs 5 Forward 
   Center                   Left Wing                Right Wing               Time % Phy DF OF 
 1 Ryan Nugent-Hopkins      Taylor Hall              Calle Jarnkrok           35     1   2  2  
 2 Christian Dvorak         Max Domi                 Zemgus Girgensons        30     1   2  2  
 3 Alexander Wennberg       Justin Abdelkader        Valeri Nichushkin        25     1   2  2  
 4 Chandler Stephenson      Colton Sceviour          Ryan Nugent-Hopkins      10     1   2  2  

5 vs 5 Defense 
   Defense                  Defense                                           Time % Phy DF OF 
 1 Aaron Ekblad             Tyler Myers                                       35     1   2  2  
 2 Oscar Klefbom            Ian Cole                                          30     1   2  2  
 3 Patrik Nemeth            Andrej Sekera                                     25     1   2  2  
 4 Robert Bortuzzo          Brendan Smith                                     10     1   2  2  

PowerPlay Forward 
   Center                   Left Wing                Right Wing               Time % Phy DF OF 
 1 Ryan Nugent-Hopkins      Taylor Hall              Calle Jarnkrok           60     1   2  2  
 2 Christian Dvorak         Max Domi                 Zemgus Girgensons        40     1   2  2  

PowerPlay Defense
   Defense                  Defense                                           Time % Phy DF OF 
 1 Aaron Ekblad             Tyler Myers                                       60     1   2  2  
 2 Oscar Klefbom            Ian Cole                                          40     1   2  2  

Penalty Kill 4 Players Forward 
   Center                   Wing                     Time % Phy DF OF 
 1 Ryan Nugent-Hopkins      Taylor Hall              60     1   2  2  
 2 Max Domi                 Calle Jarnkrok           40     1   2  2  

Penalty Kill 4 Players Defense
   Defense                  Defense                  Time % Phy DF OF 
 1 Aaron Ekblad             Tyler Myers              60     1   2  2  
 2 Oscar Klefbom            Ian Cole                 40     1   2  2  

Penalty Kill - 3 Players Forward 
   Forward                                           Time % Phy DF OF 
 1 Ryan Nugent-Hopkins                               60     1   2  2  
 2 Taylor Hall                                       40     1   2  2  

Penalty Kill - 3 Players Defense
   Defense                  Defense                  Time % Phy DF OF 
 1 Aaron Ekblad             Tyler Myers              60     1   2  2  
 2 Oscar Klefbom            Ian Cole                 40     1   2  2  

4 vs 4 Forward 
   Center                   Wing                     Time % Phy DF OF 
 1 Ryan Nugent-Hopkins      Taylor Hall              60     1   2  2  
 2 Max Domi                 Calle Jarnkrok           40     1   2  2  

4 vs 4 Defense
   Defense                  Defense                  Time % Phy DF OF 
 1 Aaron Ekblad             Tyler Myers              60     1   2  2  
 2 Oscar Klefbom            Ian Cole                 40     1   2  2  

Last Minutes Offensive
   Center                   Left Wing                Right Wing               Defense                  Defense                  
   Ryan Nugent-Hopkins      Taylor Hall              Calle Jarnkrok           Aaron Ekblad             Tyler Myers              

Last Minutes Defensive
   Center                   Left Wing                Right Wing               Defense                  Defense                  
   Ryan Nugent-Hopkins      Taylor Hall              Calle Jarnkrok           Aaron Ekblad             Tyler Myers              

Goaltenders
Starting : Thomas Greiss            
Backup : John Gibson              

Extra Forwards
Normal : Tomas Nosek, Alexander Wennberg, Justin Abdelkader - PP : Tomas Nosek, Alexander Wennberg - PK : Justin Abdelkader
Extra Defensemen
Normal : Patrik Nemeth, Andrej Sekera, Robert Bortuzzo - PP : Patrik Nemeth - PK : Andrej Sekera, Robert Bortuzzo
Penalty Shots
Ryan Nugent-Hopkins, Taylor Hall, Max Domi, Calle Jarnkrok, Christian Dvorak

Scratches
DET CAPHIT (Suspend), Scott Laughton (Back Injury), Pheonix Copley (Healthy)

% Time on Ice - COLORADO

Lines # - Real PCT - Wanted PCT - Time Play
Normal Forward
1 - 33% - 35% - 17:49
2 - 29% - 30% - 15:20
3 - 24% - 25% - 12:52
4 - 14% - 10% - 7:35
Normal Defense
1 - 36% - 35% - 19:12
2 - 29% - 30% - 15:45
3 - 27% - 25% - 14:28
4 - 8% - 10% - 4:11
PP Forward
1 - 58% - 60% - 1:09
2 - 42% - 40% - 0:50
PP Defense
1 - 58% - 60% - 1:09
2 - 42% - 40% - 0:50
PK Forward
1 - 72% - 60% - 3:12
2 - 28% - 40% - 1:13
PK Defense
1 - 40% - 60% - 1:46
2 - 60% - 40% - 2:39
PK3 Forward
1 - 0% - 60%
2 - 0% - 40%
PK3 Defense
1 - 0% - 60%
2 - 0% - 40%
44 Forward
1 - 0% - 60%
2 - 0% - 40%
44 Defense
1 - 0% - 60%
2 - 0% - 40%
Last Minute Offensive  - 0:00
Last Minute Defensive  - 0:00
Total
Forward - 60:00
Defense - 60:00

% Time on Ice - DETROIT

Lines # - Real PCT - Wanted PCT - Time Play
Normal Forward
1 - 30% - 35% - 15:48
2 - 32% - 30% - 16:47
3 - 30% - 25% - 15:52
4 - 9% - 10% - 4:49
Normal Defense
1 - 32% - 35% - 16:47
2 - 29% - 30% - 15:29
3 - 27% - 25% - 14:07
4 - 13% - 10% - 6:53
PP Forward
1 - 38% - 60% - 1:41
2 - 62% - 40% - 2:44
PP Defense
1 - 48% - 60% - 2:08
2 - 52% - 40% - 2:17
PK Forward
1 - 100% - 60% - 1:59
2 - 0% - 40% - 0:00
PK Defense
1 - 29% - 60% - 0:35
2 - 71% - 40% - 1:24
PK3 Forward
1 - 0% - 60%
2 - 0% - 40%
PK3 Defense
1 - 0% - 60%
2 - 0% - 40%
44 Forward
1 - 0% - 60%
2 - 0% - 40%
44 Defense
1 - 0% - 60%
2 - 0% - 40%
Last Minute Offensive  - 0:20
Last Minute Defensive  - 0:00
Total
Forward - 60:00
Defense - 60:00

Play-by-Play

1st period


0:01 of 1st period - Dylan Larkin wins face-off versus Ryan Nugent-Hopkins in neutral zone.
0:07 of 1st period - Pavel Buchnevich is hit by Tyler Myers and loses puck.
1:12 of 1st period - Shot by Artturi Lehkonen.
1:12 of 1st period - Stopped by Thomas Greiss without a rebound.
1:13 of 1st period - Alexander Wennberg wins face-off versus Mikko Koivu in DETROIT zone.
1:25 of 1st period - Shot by John Moore.
1:25 of 1st period - Shot Misses the Net.
1:27 of 1st period - Shot by Urho Vaakanainen.
1:27 of 1st period - Stopped by Thomas Greiss without a rebound.
1:28 of 1st period - Chandler Stephenson wins face-off versus Nick Bjugstad in DETROIT zone.
1:28 of 1st period - Chandler Stephenson is hit by Warren Foegele.
1:48 of 1st period - Shot by Chandler Stephenson.
1:48 of 1st period - Shot Blocked by Kevin Stenlund.
1:51 of 1st period - Icing by Calvin de Haan.
1:52 of 1st period - Nick Bjugstad wins face-off versus Alexander Wennberg in COLORADO zone.
1:58 of 1st period - Icing by Calvin de Haan.
1:59 of 1st period - Nick Bjugstad wins face-off versus Christian Dvorak in COLORADO zone.
2:22 of 1st period - Shot by Warren Foegele.
2:22 of 1st period - Shot Misses the Net.
2:43 of 1st period - Shot by Artturi Lehkonen.
2:43 of 1st period - Shot Blocked by Ian Cole.
2:59 of 1st period - Shot by William Karlsson.
2:59 of 1st period - Goal by William Karlsson - COLORADO : 1 - DETROIT : 0.
3:00 of 1st period - Alexander Wennberg wins face-off versus Mikko Koivu in neutral zone.
4:02 of 1st period - Shot by David Pastrnak.
4:02 of 1st period - Shot Misses the Net.
4:16 of 1st period - Shot by Dylan Larkin.
4:16 of 1st period - Shot Blocked by Patrik Nemeth.
4:53 of 1st period - William Karlsson is hit by Tyler Myers and loses puck.
5:42 of 1st period - Off-side.
5:43 of 1st period - Christian Dvorak wins face-off versus Mikko Koivu in neutral zone.
5:58 of 1st period - Shot by Max Domi.
5:58 of 1st period - Shot Misses the Net.
6:10 of 1st period - Shot by Christian Dvorak.
6:10 of 1st period - Shot Misses the Net.
6:57 of 1st period - Shot by Chandler Stephenson.
6:57 of 1st period - Shot Misses the Net.
7:34 of 1st period - Shot by Taylor Hall.
7:34 of 1st period - Shot Misses the Net.
8:18 of 1st period - Shot by Alexander Wennberg.
8:18 of 1st period - Stopped by Linus Ullmark with a rebound.
8:32 of 1st period - Shot by Alexander Wennberg.
8:32 of 1st period - Stopped by Linus Ullmark with a rebound.
8:58 of 1st period - Brandon Carlo is hit by Colton Sceviour and loses puck.
9:37 of 1st period - Calvin de Haan is hit by Aaron Ekblad and loses puck.
10:30 of 1st period - Shot by Calle Jarnkrok.
10:30 of 1st period - Stopped by Linus Ullmark without a rebound.
10:31 of 1st period - Dylan Larkin wins face-off versus Alexander Wennberg in COLORADO zone.
10:54 of 1st period - Shot by Alexander Wennberg.
10:54 of 1st period - Shot Misses the Net.
10:56 of 1st period - Shot by Andrej Sekera.
10:56 of 1st period - Stopped by Linus Ullmark with a rebound.
11:29 of 1st period - Icing by Oscar Klefbom.
11:30 of 1st period - Ryan Nugent-Hopkins wins face-off versus Artturi Lehkonen in DETROIT zone.
11:34 of 1st period - Off-side.
11:35 of 1st period - William Karlsson wins face-off versus Christian Dvorak in neutral zone.
12:07 of 1st period - Shot by Zemgus Girgensons.
12:07 of 1st period - Shot Misses the Net.
12:09 of 1st period - Shot by Zemgus Girgensons.
12:09 of 1st period - Stopped by Linus Ullmark with a rebound.
12:11 of 1st period - Shot by Max Domi.
12:11 of 1st period - Stopped by Linus Ullmark without a rebound.
12:12 of 1st period - Ryan Nugent-Hopkins wins face-off versus Nick Bjugstad in COLORADO zone.
12:31 of 1st period - Jonas Brodin is hit by Ryan Nugent-Hopkins and loses puck.
13:20 of 1st period - Shot by Pavel Buchnevich.
13:20 of 1st period - Shot Misses the Net.
13:22 of 1st period - Shot by David Pastrnak.
13:22 of 1st period - Shot Blocked by Ryan Nugent-Hopkins.
13:24 of 1st period - Shot by John Moore.
13:24 of 1st period - Stopped by Thomas Greiss with a rebound.
13:29 of 1st period - David Pastrnak is hit by Ian Cole and loses puck.
14:20 of 1st period - Tyler Myers is hit by Artturi Lehkonen and loses puck.
18:06 of 1st period - Shot by Ryan Nugent-Hopkins.
18:06 of 1st period - Shot Blocked by John Moore.
18:08 of 1st period - Shot by Chandler Stephenson.
18:08 of 1st period - Shot Misses the Net.
18:10 of 1st period - Shot by Brendan Smith.
18:10 of 1st period - Shot Misses the Net.
18:12 of 1st period - Shot by Robert Bortuzzo.
18:12 of 1st period - Stopped by Linus Ullmark with a rebound.
18:22 of 1st period - Shot by Chandler Stephenson.
18:22 of 1st period - Stopped by Linus Ullmark with a rebound.
19:25 of 1st period - Max Domi is hit by Brandon Carlo and loses puck.
Goals for this period are 1 for COLORADO vs 0 for DETROIT.
Shots for this period are 4 for COLORADO vs 8 for DETROIT.

2nd period


0:01 of 2nd period - Ryan Nugent-Hopkins wins face-off versus William Karlsson in neutral zone.
0:04 of 2nd period - William Karlsson is hit by Ryan Nugent-Hopkins and loses puck.
0:17 of 2nd period - Shot by Taylor Hall.
0:17 of 2nd period - Stopped by Linus Ullmark without a rebound.
0:18 of 2nd period - Dylan Larkin wins face-off versus Christian Dvorak in COLORADO zone.
0:18 of 2nd period - Dylan Larkin is hit by Max Domi.
0:33 of 2nd period - Christian Dvorak is hit by Dylan Larkin and loses puck.
0:43 of 2nd period - Dylan Larkin is hit by Andrej Sekera and loses puck.
1:05 of 2nd period - Andrej Sekera is hit by Calvin de Haan and loses puck.
1:42 of 2nd period - Shot by Calle Jarnkrok.
1:42 of 2nd period - Shot Misses the Net.
1:44 of 2nd period - Shot by Ryan Nugent-Hopkins.
1:44 of 2nd period - Stopped by Linus Ullmark without a rebound.
1:45 of 2nd period - Alexander Wennberg wins face-off versus Valtteri Filppula in COLORADO zone.
1:45 of 2nd period - Alexander Wennberg is hit by John Moore.
2:20 of 2nd period - Shot by John Moore.
2:20 of 2nd period - Shot Misses the Net.
2:53 of 2nd period - Shot by Artturi Lehkonen.
2:53 of 2nd period - Shot Misses the Net.
2:55 of 2nd period - Shot by Jonas Brodin.
2:55 of 2nd period - Shot Misses the Net.
2:57 of 2nd period - Shot by Jonas Brodin.
2:57 of 2nd period - Stopped by Thomas Greiss without a rebound.
2:58 of 2nd period - Nick Bjugstad wins face-off versus Ryan Nugent-Hopkins in DETROIT zone.
3:12 of 2nd period - Icing by Calvin de Haan.
3:13 of 2nd period - Chandler Stephenson wins face-off versus Warren Foegele in COLORADO zone.
3:38 of 2nd period - Icing by Brandon Carlo.
3:39 of 2nd period - Nick Bjugstad wins face-off versus Christian Dvorak in COLORADO zone.
3:39 of 2nd period - Nick Bjugstad is hit by Christian Dvorak.
3:47 of 2nd period - Icing by Brandon Carlo.
3:48 of 2nd period - Christian Dvorak wins face-off versus Nick Bjugstad in COLORADO zone.
3:57 of 2nd period - Shot by Max Domi.
3:57 of 2nd period - Shot Misses the Net.
3:59 of 2nd period - Shot by Christian Dvorak.
3:59 of 2nd period - Stopped by Linus Ullmark without a rebound.
4:00 of 2nd period - Ryan Nugent-Hopkins wins face-off versus William Karlsson in COLORADO zone.
5:12 of 2nd period - Shot by Dylan Larkin.
5:12 of 2nd period - Stopped by Thomas Greiss without a rebound.
5:13 of 2nd period - Christian Dvorak wins face-off versus Mikko Koivu in DETROIT zone.
5:13 of 2nd period - Christian Dvorak is hit by Leo Komarov.
6:03 of 2nd period - Valeri Nichushkin is hit by Leo Komarov and loses puck.
6:25 of 2nd period - Shot by Ron Hainsey.
6:25 of 2nd period - Stopped by Thomas Greiss without a rebound.
6:26 of 2nd period - Chandler Stephenson wins face-off versus William Karlsson in DETROIT zone.
6:31 of 2nd period - Shot by Chandler Stephenson.
6:31 of 2nd period - Stopped by Linus Ullmark without a rebound.
6:32 of 2nd period - William Karlsson wins face-off versus Ryan Nugent-Hopkins in COLORADO zone.
6:32 of 2nd period - William Karlsson is hit by Chandler Stephenson.
6:35 of 2nd period - Icing by David Krejci.
6:36 of 2nd period - William Karlsson wins face-off versus Alexander Wennberg in COLORADO zone.
6:47 of 2nd period - Tyler Myers is hit by William Karlsson and loses puck.
7:20 of 2nd period - David Krejci is hit by Alexander Wennberg and loses puck.
7:24 of 2nd period - Icing by Ron Hainsey.
7:25 of 2nd period - William Karlsson wins face-off versus Ryan Nugent-Hopkins in COLORADO zone.
7:25 of 2nd period - William Karlsson is hit by Ryan Nugent-Hopkins.
7:32 of 2nd period - Off-side.
7:33 of 2nd period - Dylan Larkin wins face-off versus Ryan Nugent-Hopkins in neutral zone.
7:44 of 2nd period - Shot by Dylan Larkin.
7:44 of 2nd period - Shot Blocked by Ian Cole.
7:46 of 2nd period - Shot by Dylan Larkin.
7:46 of 2nd period - Stopped by Thomas Greiss without a rebound.
7:47 of 2nd period - Christian Dvorak wins face-off versus Mikko Koivu in DETROIT zone.
8:14 of 2nd period - Shot by Valtteri Filppula.
8:14 of 2nd period - Stopped by Thomas Greiss without a rebound.
8:15 of 2nd period - Taylor Hall wins face-off versus Pavel Buchnevich in DETROIT zone.
8:15 of 2nd period - Taylor Hall is hit by David Pastrnak.
8:30 of 2nd period - Dylan Larkin is hit by Taylor Hall and loses puck.
8:49 of 2nd period - Off-side.
8:50 of 2nd period - William Karlsson wins face-off versus Christian Dvorak in neutral zone.
10:28 of 2nd period - David Pastrnak is hit by Patrik Nemeth and loses puck.
10:42 of 2nd period - Dylan Larkin is hit by Andrej Sekera and loses puck.
11:09 of 2nd period - Shot by Leo Komarov.
11:09 of 2nd period - Stopped by Thomas Greiss with a rebound.
11:12 of 2nd period - Mikko Koivu is hit by Patrik Nemeth and loses puck.
12:04 of 2nd period - Warren Foegele is hit by Patrik Nemeth and loses puck.
12:40 of 2nd period - Icing by Aaron Ekblad.
12:41 of 2nd period - William Karlsson wins face-off versus Ryan Nugent-Hopkins in DETROIT zone.
12:42 of 2nd period - Shot by David Krejci.
12:42 of 2nd period - Shot Hit the Post.
12:44 of 2nd period - Shot by William Karlsson.
12:44 of 2nd period - Shot Blocked by Aaron Ekblad.
12:46 of 2nd period - Shot by William Karlsson.
12:46 of 2nd period - Shot Misses the Net.
12:57 of 2nd period - David Krejci is hit by Tyler Myers and loses puck.
13:09 of 2nd period - Icing by Tyler Myers.
13:10 of 2nd period - Mikko Koivu wins face-off versus Ryan Nugent-Hopkins in DETROIT zone.
13:14 of 2nd period - Leo Komarov is hit by Tyler Myers and loses puck.
13:24 of 2nd period - Icing by Tyler Myers.
13:25 of 2nd period - Dylan Larkin wins face-off versus Ryan Nugent-Hopkins in DETROIT zone.
13:35 of 2nd period - Icing by Tyler Myers.
13:36 of 2nd period - William Karlsson wins face-off versus Ryan Nugent-Hopkins in DETROIT zone.
13:36 of 2nd period - David Krejci is hit by Aaron Ekblad and loses puck.
13:42 of 2nd period - Ryan Nugent-Hopkins is hit by Artturi Lehkonen.
13:59 of 2nd period - Minor Penalty to John Moore for Holding.
14:00 of 2nd period - Mikko Koivu wins face-off versus Christian Dvorak in COLORADO zone.
14:07 of 2nd period - Ian Cole is hit by Mikko Koivu and loses puck.
14:23 of 2nd period - Shot by Christian Dvorak.
14:23 of 2nd period - Shot Misses the Net.
14:25 of 2nd period - Shot by Oscar Klefbom.
14:25 of 2nd period - Stopped by Linus Ullmark without a rebound.
14:26 of 2nd period - Ryan Nugent-Hopkins wins face-off versus David Krejci in COLORADO zone.
14:45 of 2nd period - Shot by Ryan Nugent-Hopkins.
14:45 of 2nd period - Shot Misses the Net.
14:47 of 2nd period - Shot by Aaron Ekblad.
14:47 of 2nd period - Stopped by Linus Ullmark without a rebound.
14:48 of 2nd period - David Krejci wins face-off versus Christian Dvorak in COLORADO zone.
14:48 of 2nd period - Brandon Carlo is hit by Zemgus Girgensons and loses puck.
15:00 of 2nd period - Ian Cole is hit by Calvin de Haan and loses puck.
15:19 of 2nd period - Icing by Christian Dvorak.
15:20 of 2nd period - Christian Dvorak wins face-off versus David Krejci in DETROIT zone.
15:27 of 2nd period - Shot by Oscar Klefbom.
15:27 of 2nd period - Shot Blocked by Jonas Brodin.
15:38 of 2nd period - Off-side.
15:39 of 2nd period - Ryan Nugent-Hopkins wins face-off versus David Krejci in neutral zone.
17:13 of 2nd period - Shot by David Pastrnak.
17:13 of 2nd period - Stopped by Thomas Greiss with a rebound.
17:15 of 2nd period - Shot by Dylan Larkin.
17:15 of 2nd period - Deflect By David Pastrnak.
17:15 of 2nd period - Shot Misses the Net.
18:05 of 2nd period - Shot by Artturi Lehkonen.
18:05 of 2nd period - Shot Blocked by Oscar Klefbom.
18:07 of 2nd period - Shot by Brandon Carlo.
18:07 of 2nd period - Shot Misses the Net.
18:11 of 2nd period - Shot by David Krejci.
18:11 of 2nd period - Stopped by Thomas Greiss without a rebound.
18:12 of 2nd period - Mikko Koivu wins face-off versus Chandler Stephenson in DETROIT zone.
19:12 of 2nd period - Shot by Christian Dvorak.
19:12 of 2nd period - Stopped by Linus Ullmark without a rebound.
19:13 of 2nd period - David Pastrnak wins face-off versus Justin Abdelkader in COLORADO zone.
19:25 of 2nd period - Off-side.
19:26 of 2nd period - William Karlsson wins face-off versus Zemgus Girgensons in neutral zone.
Goals for this period are 0 for COLORADO vs 0 for DETROIT.
Shots for this period are 8 for COLORADO vs 7 for DETROIT.

3rd period


0:01 of 3rd period - Ryan Nugent-Hopkins wins face-off versus Dylan Larkin in neutral zone.
0:16 of 3rd period - Shot by Aaron Ekblad.
0:16 of 3rd period - Stopped by Linus Ullmark without a rebound.
0:17 of 3rd period - William Karlsson wins face-off versus Christian Dvorak in COLORADO zone.
0:27 of 3rd period - Icing by Oscar Klefbom.
0:28 of 3rd period - Christian Dvorak wins face-off versus Dylan Larkin in DETROIT zone.
0:28 of 3rd period - Zemgus Girgensons is hit by Dylan Larkin and loses puck.
0:51 of 3rd period - Jonas Brodin is hit by Max Domi and loses puck.
1:27 of 3rd period - Aaron Ekblad is hit by Pavel Buchnevich and loses puck.
1:45 of 3rd period - Minor Penalty to Brandon Carlo for Holding Stick.
1:46 of 3rd period - David Krejci wins face-off versus Christian Dvorak in COLORADO zone.
2:21 of 3rd period - Icing by Max Domi.
2:22 of 3rd period - David Krejci wins face-off versus Christian Dvorak in DETROIT zone.
2:33 of 3rd period - Icing by Oscar Klefbom.
2:34 of 3rd period - David Krejci wins face-off versus Christian Dvorak in DETROIT zone.
3:17 of 3rd period - Shot by Aaron Ekblad.
3:17 of 3rd period - Shot Misses the Net.
3:19 of 3rd period - Shot by Tyler Myers.
3:19 of 3rd period - Shot Misses the Net.
3:23 of 3rd period - Shot by Aaron Ekblad.
3:23 of 3rd period - Stopped by Linus Ullmark with a rebound.
3:25 of 3rd period - Shot by Tyler Myers.
3:25 of 3rd period - Shot Misses the Net.
3:27 of 3rd period - Shot by Calle Jarnkrok.
3:27 of 3rd period - Stopped by Linus Ullmark without a rebound.
3:28 of 3rd period - Ryan Nugent-Hopkins wins face-off versus David Krejci in COLORADO zone.
3:29 of 3rd period - Shot by Tyler Myers.
3:29 of 3rd period - Stopped by Linus Ullmark without a rebound.
3:30 of 3rd period - Ryan Nugent-Hopkins wins face-off versus David Krejci in COLORADO zone.
5:15 of 3rd period - Icing by Jonas Brodin.
5:16 of 3rd period - Ryan Nugent-Hopkins wins face-off versus Artturi Lehkonen in COLORADO zone.
5:19 of 3rd period - Shot by Calle Jarnkrok.
5:19 of 3rd period - Shot Misses the Net.
5:58 of 3rd period - Minor Penalty to Taylor Hall for Roughing.
5:59 of 3rd period - Dylan Larkin wins face-off versus Ryan Nugent-Hopkins in DETROIT zone.
6:52 of 3rd period - Tyler Myers is hit by Artturi Lehkonen and loses puck.
7:56 of 3rd period - Shot by Jonas Brodin.
7:56 of 3rd period - Stopped by Thomas Greiss with a rebound.
8:05 of 3rd period - Off-side.
8:06 of 3rd period - Mikko Koivu wins face-off versus Christian Dvorak in neutral zone.
8:25 of 3rd period - Shot by Christian Dvorak.
8:25 of 3rd period - Shot Blocked by Calvin de Haan.
8:44 of 3rd period - Shot by Christian Dvorak.
8:44 of 3rd period - Stopped by Linus Ullmark without a rebound.
8:45 of 3rd period - Ryan Nugent-Hopkins wins face-off versus Nick Bjugstad in COLORADO zone.
9:06 of 3rd period - Shot by Warren Foegele.
9:06 of 3rd period - Shot Misses the Net.
9:08 of 3rd period - Shot by Kevin Stenlund.
9:08 of 3rd period - Shot Misses the Net.
9:10 of 3rd period - Shot by Kevin Stenlund.
9:10 of 3rd period - Shot Misses the Net.
9:12 of 3rd period - Shot by Kevin Stenlund.
9:12 of 3rd period - Stopped by Thomas Greiss without a rebound.
9:13 of 3rd period - Dylan Larkin wins face-off versus Alexander Wennberg in DETROIT zone.
9:41 of 3rd period - Shot by Alexander Wennberg.
9:41 of 3rd period - Stopped by Linus Ullmark without a rebound.
9:42 of 3rd period - William Karlsson wins face-off versus Ryan Nugent-Hopkins in COLORADO zone.
9:50 of 3rd period - Icing by Ron Hainsey.
9:51 of 3rd period - William Karlsson wins face-off versus Taylor Hall in COLORADO zone.
10:03 of 3rd period - Minor Penalty to Artturi Lehkonen for Holding.
10:04 of 3rd period - Christian Dvorak wins face-off versus David Krejci in COLORADO zone.
10:12 of 3rd period - Icing by Aaron Ekblad.
10:13 of 3rd period - Christian Dvorak wins face-off versus David Krejci in DETROIT zone.
10:13 of 3rd period - Max Domi is hit by Mikko Koivu and loses puck.
10:30 of 3rd period - Shot by Zemgus Girgensons.
10:30 of 3rd period - Goal by Zemgus Girgensons - COLORADO : 1 - DETROIT : 1.
10:31 of 3rd period - Ryan Nugent-Hopkins wins face-off versus Dylan Larkin in neutral zone.
10:33 of 3rd period - Calle Jarnkrok is hit by Jonas Brodin and loses puck.
10:42 of 3rd period - Shot by David Pastrnak.
10:42 of 3rd period - Shot Misses the Net.
10:47 of 3rd period - Dylan Larkin is hit by Ian Cole.
10:56 of 3rd period - David Pastrnak is hit by Oscar Klefbom and loses puck.
11:02 of 3rd period - Dylan Larkin is hit by Ian Cole and loses puck.
11:09 of 3rd period - Shot by Dylan Larkin.
11:09 of 3rd period - Shot Blocked by Oscar Klefbom.
11:11 of 3rd period - Shot by Dylan Larkin.
11:11 of 3rd period - Stopped by Thomas Greiss without a rebound.
11:12 of 3rd period - William Karlsson wins face-off versus Zemgus Girgensons in DETROIT zone.
11:17 of 3rd period - Shot by David Krejci.
11:17 of 3rd period - Stopped by Thomas Greiss with a rebound.
11:47 of 3rd period - Shot by Max Domi.
11:47 of 3rd period - Deflect By Zemgus Girgensons.
11:47 of 3rd period - Stopped by Linus Ullmark without a rebound.
11:48 of 3rd period - Mikko Koivu wins face-off versus Alexander Wennberg in COLORADO zone.
11:55 of 3rd period - Shot by Valtteri Filppula.
11:55 of 3rd period - Goal by Valtteri Filppula - COLORADO : 2 - DETROIT : 1.
11:56 of 3rd period - Ryan Nugent-Hopkins wins face-off versus Dylan Larkin in neutral zone.
11:56 of 3rd period - Ian Cole is hit by Pavel Buchnevich and loses puck.
12:17 of 3rd period - Shot by Dylan Larkin.
12:17 of 3rd period - Stopped by Thomas Greiss with a rebound.
12:19 of 3rd period - Shot by Dylan Larkin.
12:19 of 3rd period - Shot Blocked by Ian Cole.
12:23 of 3rd period - Shot by David Pastrnak.
12:23 of 3rd period - Deflect By Pavel Buchnevich.
12:23 of 3rd period - Stopped by Thomas Greiss without a rebound.
12:24 of 3rd period - Christian Dvorak wins face-off versus William Karlsson in DETROIT zone.
12:39 of 3rd period - Shot by Christian Dvorak.
12:39 of 3rd period - Shot Misses the Net.
12:41 of 3rd period - Shot by Zemgus Girgensons.
12:41 of 3rd period - Stopped by Linus Ullmark without a rebound.
12:42 of 3rd period - Mikko Koivu wins face-off versus Alexander Wennberg in COLORADO zone.
12:48 of 3rd period - Off-side.
12:49 of 3rd period - Calle Jarnkrok wins face-off versus Dylan Larkin in neutral zone.
12:53 of 3rd period - Icing by David Pastrnak.
12:54 of 3rd period - Dylan Larkin wins face-off versus Ryan Nugent-Hopkins in COLORADO zone.
12:56 of 3rd period - Icing by David Pastrnak.
12:57 of 3rd period - Ryan Nugent-Hopkins wins face-off versus Dylan Larkin in COLORADO zone.
13:03 of 3rd period - Icing by David Pastrnak.
13:04 of 3rd period - Calle Jarnkrok wins face-off versus Dylan Larkin in COLORADO zone.
13:04 of 3rd period - Calle Jarnkrok is hit by Jonas Brodin.
14:07 of 3rd period - Off-side.
14:08 of 3rd period - Mikko Koivu wins face-off versus Alexander Wennberg in neutral zone.
14:48 of 3rd period - Icing by Leo Komarov.
14:49 of 3rd period - Christian Dvorak wins face-off versus Mikko Koivu in COLORADO zone.
15:10 of 3rd period - Shot by William Karlsson.
15:10 of 3rd period - Shot Misses the Net.
16:25 of 3rd period - Shot by Pavel Buchnevich.
16:25 of 3rd period - Shot Misses the Net.
16:45 of 3rd period - Shot by Nick Bjugstad.
16:45 of 3rd period - Shot Blocked by Ian Cole.
18:39 of 3rd period - Shot by David Krejci.
18:39 of 3rd period - Stopped by Thomas Greiss without a rebound.
18:40 of 3rd period - Chandler Stephenson wins face-off versus Dylan Larkin in DETROIT zone.
18:40 of 3rd period - Chandler Stephenson is hit by Dylan Larkin.
19:00 of 3rd period - DETROIT, Thomas Greiss is pulled from the net.
19:05 of 3rd period - Icing by Brandon Carlo.
19:06 of 3rd period - Dylan Larkin wins face-off versus Ryan Nugent-Hopkins in COLORADO zone.
19:25 of 3rd period - Shot by David Pastrnak.
19:25 of 3rd period - Goal by David Pastrnak - COLORADO : 3 - DETROIT : 1.
19:25 of 3rd period - Thomas Greiss from DETROIT was sent back in the game.
19:26 of 3rd period - Valeri Nichushkin wins face-off versus William Karlsson in neutral zone.
19:51 of 3rd period - Shot by Valeri Nichushkin.
19:51 of 3rd period - Shot Misses the Net.
Goals for this period are 2 for COLORADO vs 1 for DETROIT.
Shots for this period are 9 for COLORADO vs 9 for DETROIT.